 Dungeon Crawl Stone Soup version 0.23.2 (webtiles) character file.

Game seed: 8821589365383300117

12563 snowfan the Arsonist (level 11, -21/74 HPs)
             Began as a Mummy Fire Elementalist on Apr 1, 2019.
             Was a Priest of Sif Muna.
             Demolished by a large slime creature (34 damage)
             ... on level 12 of the Dungeon on Apr 2, 2019.
             The game lasted 01:31:09 (23271 turns).

snowfan the Arsonist (Mummy Fire Elementalist)     Turns: 23271, Time: 01:31:09

Health: -21/74     AC:  4    Str: 11    XL:     11   Next: 64%
Magic:  15/24      EV: 12    Int: 18    God:    Sif Muna [***...]
Gold:   482        SH:  0    Dex: 13    Spells: 10/28 levels left

rFire    x . .     SeeInvis +   d - +1 shortbow (velocity)
rCold    + . .     Gourm    .   (shield currently unavailable)
rNeg     + + +     Faith    .   a - +0 robe
rPois    ∞         Spirit   .   g - +0 helmet
rElec    .         Reflect  .   r - +0 cloak
rCorr    .         Harm     .   (no gloves)
MR       +....                  (no boots)
Stlth    ++........             (no amulet)
HPRegen  0.22/turn              A - ring of see invisible
MPRegen  0.19/turn              (no ring)

@: divine energy
A: no food or potions, fire vulnerability, cold resistance 1, negative energy
resistance 3, torment resistance, unbreathing
a: Stop Divine Energy, Channel Magic, Renounce Religion


You were on level 12 of the Dungeon.
You worshipped Sif Muna.
Sif Muna was most pleased with you.
You were not hungry.

You visited 2 branches of the dungeon, and saw 13 of its levels.

You collected 482 gold pieces.

Inventory:

Hand Weapons
 c - a +0 hunting sling
 d - a +1 shortbow of velocity (weapon)
 n - a +1 whip of venom
 u - the +6 dagger of Royalism {pierce, +Fly rN++ Str+4 Int-4}
   (You found it on level 5 of the Dungeon)

   It inflicts extra damage upon your enemies.
   It affects your strength (+4).
   It affects your intelligence (-4).
   It greatly protects you from negative energy.
   It lets you fly.
 w - a +0 hand axe of flaming
Missiles
 b - 461 arrows (quivered)
 k - 343 stones
 s - 79 sling bullets
Armour
 a - a +0 robe (worn)
 g - a +0 helmet (worn)
 i - a +0 buckler
 r - a +0 cloak (worn)
Magical Staves
 y - an uncursed staff of poison {unknown}
Jewellery
 q - an uncursed amulet of harm
 A - a ring of see invisible (left hand)
Wands
 o - a wand of acid (29)
 t - a wand of iceblast (14)
 z - a wand of digging (5)
Scrolls
 e - a scroll of brand weapon {unknown}
 f - a scroll of blinking
 h - 4 scrolls of identify
 j - 6 scrolls of teleportation
 l - a scroll of magic mapping
 m - 3 scrolls of immolation
 p - a scroll of fear
 v - 6 scrolls of remove curse
 B - a scroll of amnesia {unknown}
Miscellaneous
 x - a phantom mirror
 C - a lightning rod (4/4)


   Skills:
 + Level 2.6 Fighting
 - Level 1.5 Dodging
 - Level 1.5 Stealth
 - Level 9.3 Spellcasting
 - Level 9.4 Conjurations
 - Level 9.7 Fire Magic
 - Level 6.0 Invocations


You had 10 spell levels left.
You knew the following spells:

 Your Spells              Type           Power        Failure   Level  Hunger
a - Flame Tongue          Conj/Fire      #####        1%          1    N/A
c - Sticky Flame          Conj/Fire      #####...     1%          4    N/A
d - Conjure Flame         Conj/Fire      #####...     1%          3    N/A
f - Fireball              Conj/Fire      #####.....   4%          5    N/A
s - Throw Flame           Conj/Fire      #####.       1%          2    N/A
x - Inner Flame           Hex/Fire       ####....     3%          3    N/A

Your spell library contained the following spells:

 Spells                   Type           Power        Failure   Level  Hunger
 Throw Frost              Conj/Ice       ####..       1%          2    N/A
 Freeze                   Ice            #...         9%          1    N/A
 Throw Icicle             Conj/Ice       ####....     12%         4    N/A
 Ozocubu's Armour         Chrm/Ice       #.......     26%         3    N/A
 Summon Ice Beast         Ice/Summ       #.......     63%         4    N/A

Dungeon Overview and Level Annotations

Branches:
Dungeon (12/15)            Temple (1/1) D:7            Lair (0/6) D:11
    Orc (0/2) D:10

Altars:
Ashenzari
Cheibriados
Dithmenos
Elyvilon
Fedhas
Gozag
Hepliaklqana
Kikubaaqudgha
Makhleb
Nemelex Xobeh
Okawaru
Qazlal
Ru
Sif Muna
Trog
Uskayaw
Vehumet
Wu Jian
Xom
Yredelemnul
Zin
The Shining One

Shops:
D:7 !

Annotations:
D:3 3 runed translucent doors Drider 3 ghousts, Briareos's ghost, amateur DgFE; DungeonDestroyer's ghost, amateur DrMo; Grinder; grocchini's ghost, amateur CeGl; grocchini's ghost, weakling CeHu


Innate Abilities, Weirdness & Mutations

You do not eat or drink.
Your flesh is vulnerable to fire.
You are immune to poison.
Your flesh is cold resistant. (rC+)
You are immune to negative energy. (rN+++)
You are immune to unholy pain and torment.
You can survive without breathing.


Message History

Casting: Flame Tongue (safe; 1% risk of failure)
Confirm with . or Enter, or press ? or * to list all spells.
Aiming: Flame Tongue (safe; 1% risk of failure)
Press: ? - help, Shift-Dir - straight line, f/p - large slime creature
Aim: a large slime creature (heavily wounded, covered in liquid flames)
The flame tongue hits the large slime creature!
The large slime creature is severely wounded.
The large slime creature burns!
The large slime creature hits you!!
Casting: Flame Tongue (safe; 1% risk of failure)
Confirm with . or Enter, or press ? or * to list all spells.
Aiming: Flame Tongue (safe; 1% risk of failure)
Press: ? - help, Shift-Dir - straight line, f/p - large slime creature
Aim: a large slime creature (severely wounded, covered in liquid flames)
The flame tongue hits the large slime creature.
The large slime creature is severely wounded.
The large slime creature burns!
The large slime creature hits you!!!
Ouch! That really hurt!
* * * LOW HITPOINT WARNING * * *
The large slime creature burns!
The large slime creature hits you!!
You die...

≈≈≈≈.##.........
≈.≈.............
≈..............
...........#
.%......)..#
...........##
...........Z#
#########.#J#
#.#@# #.### #..
###


You could see a large slime creature (burning) and a bullfrog zombie.

Vanquished Creatures
  A hydra (D:11)
  A two-headed ogre (D:10)
  An unseen horror (D:11)
  Psyche (D:8)
  A centaur skeleton (D:10)
  A gargoyle (D:6)
  A slime creature (D:12)
  2 hippogriffs
  A spriggan (D:8)
  Eustachio (D:5)
  15 yaks
  A wyvern (D:12)
  2 hungry ghosts
  A two-headed ogre zombie (D:10)
  2 water moccasins
  2 black bears
  4 orc warriors
  2 ice beasts
  2 necrophages (D:8)
  3 phantoms
  5 ogres
  13 centaurs
  A big kobold (D:9)
  6 bullfrogs
  An elf zombie (D:8)
  A wyvern zombie (D:8)
  A gnoll sergeant (D:10)
  2 scorpions
  2 troll zombies (D:10)
  3 killer bees (D:10)
  9 wights
  9 howler monkeys
  A crimson imp (D:9)
  3 quasits
  3 bullfrog zombies
  2 centaur zombies (D:11)
  9 orc priests
  4 hounds
  A bullfrog skeleton (D:10)
  10 orc wizards
  4 human zombies (D:8)
  3 iguanas
  2 human skeletons (D:8)
  8 worker ants
  5 ogre zombies (D:10)
  A hound zombie (D:10)
  2 hound skeletons
  A mummy (D:8)
  2 worker ant zombies
  6 gnolls
  A howler monkey skeleton (D:11)
  7 adders
  4 shadow imps
  An ooze (D:1)
  3 adder skeletons
  A worm (D:2)
  2 dart slugs
  5 leopard geckos
  35 orcs
  10 bats
  6 giant cockroaches
  8 goblins
  11 hobgoblins
  10 kobolds
  6 quokkas
  2 ball pythons
  6 frilled lizards
  2 goblin skeletons (D:10)
  2 goblin zombies (D:10)
  2 hobgoblin skeletons (D:10)
  A hobgoblin zombie (D:10)
  A jackal skeleton (D:6)
  3 orc skeletons (D:10)
  14 orc zombies
  A quokka skeleton (D:6)
  5 rats
  9 fungi (D:2)
323 creatures vanquished.

Vanquished Creatures (others)
  2 fungi (D:2)
  5 toadstools (D:2)
7 creatures vanquished.

Grand Total: 330 creatures vanquished

Notes
Turn   | Place    | Note
-------+----------+-------------------------------------------
     0 | D:1      | snowfan the Mummy Fire Elementalist began the quest for the
                  | Orb.
     0 | D:1      | Reached XP level 1. HP: 13/13 MP: 4/4
    12 | D:1      | Reached skill level 1 in Conjurations
   169 | D:1      | Reached XP level 2. HP: 15/19 MP: 1/5
   624 | D:1      | Reached XP level 3. HP: 24/24 MP: 4/7
  1684 | D:2      | Found a sacrificial altar of Ru.
  1686 | D:2      | Found an opulent altar of Gozag.
  1695 | D:2      | Found a shimmering altar of Xom.
  1888 | D:2      | Reached XP level 4. HP: 28/30 MP: 8/8
  2924 | D:3      | Noticed Grinder
  2939 | D:3      | Paralysed by Grinder for 7 turns
  2949 | D:3      | Paralysed by Grinder for 4 turns
  3184 | D:3      | Found a runed translucent gate.
  3184 | D:3      | Found a runed translucent gate.
  3184 | D:3      | Found a runed translucent gate.
  3190 | D:3      | Noticed DungeonDestroyer's ghost (amateur DrMo)
  3190 | D:3      | Noticed grocchini's ghost (amateur CeGl)
  3190 | D:3      | Noticed grocchini's ghost (weakling CeHu)
  3190 | D:3      | Noticed Briareos's ghost (amateur DgFE)
  3856 | D:3      | Learned a level 3 spell: Conjure Flame
  3860 | D:3      | Learned a level 3 spell: Inner Flame
  3878 | D:3      | Paralysed by Grinder for 4 turns
  4550 | D:4      | Reached XP level 5. HP: 33/35 MP: 1/9
  4790 | D:4      | Noticed a phantom
  4831 | D:4      | Killed a phantom
  5018 | D:4      | Reached XP level 6. HP: 10/41 MP: 4/11
  5920 | D:5      | Entered Level 5 of the Dungeon
  5924 | D:5      | Learned a level 2 spell: Throw Flame
  6890 | D:5      | Found a sparkling altar of Nemelex Xobeh.
  6901 | D:5      | Got a pitted dagger
  6902 | D:5      | Identified the +6 dagger of Royalism {pierce, +Fly rN++
                  | Str+4 Int-4} (You found it on level 5 of the Dungeon)
  6908 | D:5      | Reached XP level 7. HP: 46/46 MP: 13/13
  7204 | D:5      | Noticed Eustachio
  7563 | D:5      | Killed Eustachio
  7563 | D:5      | Reached skill level 5 in Fire Magic
  7912 | D:6      | Noticed a gargoyle
  7931 | D:6      | HP: 2/46 [gargoyle/stone arrow (18)]
  8282 | D:6      | Found a bloodstained altar of Trog.
  8288 | D:5      | Reached skill level 5 in Spellcasting
  8288 | D:5      | Reached skill level 5 in Conjurations
  8288 | D:5      | Reached XP level 8. HP: 26/52 MP: 10/15
 10307 | D:6      | Found a shimmering altar of Xom.
 10727 | D:6      | Found a stormy altar of Qazlal.
 11235 | D:6      | Learned a level 4 spell: Sticky Flame
 11241 | D:6      | Learned a level 5 spell: Fireball
 11453 | D:6      | Killed a gargoyle
 11863 | D:7      | Found a shadowy altar of Dithmenos.
 11914 | D:7      | Reached XP level 9. HP: 29/57 MP: 4/18
 12105 | D:7      | Found Noshium's Distillery.
 12584 | D:7      | Found a staircase to the Ecumenical Temple.
 12762 | Temple   | Entered the Ecumenical Temple
 12872 | Temple   | Became a worshipper of Sif Muna the Loreminder
 14010 | D:8      | Reached * piety under Sif Muna
 14387 | D:8      | Found a basalt altar of Yredelemnul.
 14833 | D:8      | Noticed Psyche
 14845 | D:8      | Killed Psyche
 14845 | D:8      | Reached XP level 10. HP: 46/63 MP: 6/21
 16260 | D:8      | Reached ** piety under Sif Muna
 17760 | D:10     | Entered Level 10 of the Dungeon
 18297 | D:10     | Found a staircase to the Orcish Mines.
 18744 | D:10     | Reached *** piety under Sif Muna
 18804 | D:10     | Reached skill level 1 in Invocations
 19423 | D:10     | Noticed a two-headed ogre
 19430 | D:10     | Killed a two-headed ogre
 19430 | D:10     | Reached XP level 11. HP: 68/68 MP: 9/23
 20615 | D:11     | Found a staircase to the Lair.
 20718 | D:11     | Reached skill level 5 in Invocations
 20881 | D:11     | Noticed a seven-headed hydra
 20888 | D:11     | Killed a seven-headed hydra
 21663 | D:11     | Noticed an unseen horror
 21672 | D:11     | Killed an unseen horror
 22926 | D:12     | Reached skill level 1 in Fighting
 23271 | D:12     | Demolished by a large slime creature

Skill      XL: |  1  2  3  4  5  6  7  8  9 10 11 |
---------------+----------------------------------+-----
Conjurations   | 1 2 3 4 5 6 7 9 |  9.4
Fire Magic     | 3 4 5 6 8 9 |  9.7
Spellcasting   | 3 4 5 6 7 8 9 |  9.3
Invocations    | 3 6 |  6.0
Fighting       | 2 |  2.6
Dodging        | |  1.5
Stealth        | |  1.5

Action                   |  1- 3 |  4- 6 |  7- 9 | 10-12 || total
-------------------------+-------+-------+-------+-------++-------
Melee: Club              |    16 |       |       |       ||    16
       Hunting sling     |     3 |       |       |       ||     3
       Hand axe          |   123 |       |       |       ||   123
       Whip              |       |     5 |       |       ||     5
 Fire: Hunting sling     |     4 |    36 |    12 |       ||    52
       Shortbow          |       |     4 |    79 |    96 ||   179
Throw: Stone             |       |     1 |       |       ||     1
 Cast: Flame Tongue      |    71 |   118 |   193 |   192 ||   574
       Conjure Flame     |       |     1 |    31 |    26 ||    58
       Sticky Flame      |       |       |    14 |    39 ||    53
       Fireball          |       |       |     3 |    50 ||    53
       Inner Flame       |       |       |     2 |     5 ||     7
       Throw Flame       |       |       |       |    24 ||    24
Invok: Divine Energy     |       |       |       |     3 ||     3
       Stop Divine Energ |       |       |       |     2 ||     2
       Channel Magic     |       |       |       |     3 ||     3
Evoke: Wand              |       |       |     4 |       ||     4
  Use: Scroll            |       |       |     1 |     9 ||    10
 Stab: Sleeping          |       |     1 |       |       ||     1
Armor: Robe              |    18 |    13 |    21 |    21 ||    73
Dodge: Dodged            |    73 |    73 |    72 |    99 ||   317
